 Dungeon Crawl Stone Soup version 0.31-a0-95-g6fa058ef04 (webtiles) character file.

Game seed: 7766135191537002838

536 voltaire321 the Chiller (level 7, -7/51 HPs)
             Began as a Merfolk Ice Elementalist on May 25, 2023.
             Mangled by a shadow (22 damage)
             ... on level 5 of the Dungeon.
             The game lasted 00:12:31 (3325 turns).

voltaire321 the Chiller (Merfolk Ice Elementalist)  Turns: 3325, Time: 00:12:32

Health: -7/51      AC:  9    Str: 10    XL:     7   Next: 25%
Magic:  11/11      EV: 19    Int: 14    God:
Gold:   226        SH:  5    Dex: 21    Spells: 5/12 levels left

rFire   + . .        e - +2 spear (vamp)
rCold   . . .        k - +0 buckler
rNeg    . . .        q - +2 robe {rF+}
rPois   .            r - +2 helmet
rElec   .            v - +0 cloak
rCorr   .            (no gloves)
SInv    .            o - +0 pair of boots
Will    .....        (no amulet)
Stlth   ++           c - +6 ring of dexterity
HPRegen 0.28/turn    m - +5 ring of evasion
MPRegen 0.12/turn

%: no passive effects
@: no status effects
A: (nimble swimmer 2), mertail
a: no special abilities


You were on level 5 of the Dungeon.
You visited 2 branches of the dungeon, and saw 6 of its levels.

You collected 321 gold pieces.
You spent 95 gold pieces at shops.

Inventory:

Hand Weapons
 e - a +2 vampiric spear (weapon)
Missiles
 w - a throwing net
Armour
 k - a +0 buckler (worn)
 o - a +0 pair of boots (worn)
 q - a +2 robe of fire resistance (worn)
 r - a +2 helmet (worn)
 v - a +0 cloak (worn)
Jewellery
 c - a +6 ring of dexterity (left hand)
 g - a ring of willpower
 m - a +5 ring of evasion (right hand)
 y - a ring of see invisible
Wands
 x - a wand of digging (5)
Scrolls
 d - a scroll of magic mapping {unknown}
 f - a scroll of acquirement {unknown}
 h - a scroll of fog {unknown}
 j - a scroll of immolation {unknown}
 l - a scroll of teleportation {unknown}
 n - 3 scrolls of amnesia {unknown}
 p - a scroll of enchant armour {unknown}
 s - a scroll of blinking
 t - 2 scrolls of identify
 u - a scroll of brand weapon {unknown}
Potions
 a - a potion of lignification
 b - 2 potions of magic
 i - 3 potions of mutation
 z - a potion of might {unknown}


   Skills:
 + Level 2.8 Fighting
 + Level 3.4 Polearms
 + Level 1.8 Armour
 + Level 4.6 Dodging
 - Level 2.1 Stealth
 + Level 2.1 Shields
 + Level 3.2 Spellcasting
 + Level 5.3 Ice Magic


You had 5 spell levels left.
You knew the following spells:

 Your Spells              Type           Power      Damage    Failure   Level
a - Freeze                Ice            68%        1d8       3%          1
b - Frozen Ramparts       Ice            34%        1d6       10%         3
c - Ozocubu's Armour      Ice            17%        N/A       10%         3

Your spell library contained the following spells:

 Spells                   Type           Power      Damage    Failure   Level
 Apportation              Tloc           4%         N/A       30%         1
 Necrotise                Necr           8%         1d4       30%         1
 Summon Small Mammal      Summ           8%         N/A       30%         1
 Shock                    Conj/Air       4%         1d3       36%         1
 Blink                    Tloc           4%         N/A       43%         2
 Lesser Beckoning         Tloc           4%         N/A       43%         2
 Momentum Strike          Conj/Tloc      2%         3d8       50%         2
 Swiftness                Air            2%         N/A       67%         3
 Dazzling Flash           Conj/Hex       2%         N/A       73%         3
 Volatile Blastmotes      Fire/Tloc      2%         2d10      73%         3
 Summon Ice Beast         Ice/Summ       8%         N/A       75%         4
 Airstrike                Air            1%         2d(1-17)  97%         4
 Iskenderun's Mystic Bla  Conj/Tloc      1%         2d3       98%         4
 Starburst                Conj/Fire      0%         6d3       100%        6


Dungeon Overview and Level Annotations

Branches:
Dungeon (5/15)             Temple (1/1) D:4

Altars:
Ashenzari
Cheibriados
Dithmenos
Gozag
Hepliaklqana
Makhleb
Trog
Uskayaw
Vehumet
Xom
Yredelemnul

Shops:
D:2 *(   D:3 ?   D:4 =


Innate Abilities, Weirdness & Mutations

((You are very nimble when in or above water. (Stealth+, EV+, Speed+++)))
Your lower body shifts to a powerful aquatic tail in water.


Message History

You closely miss something.
The shadow strikes at you from the darkness!
Reactivating autopickup.
You hit the shadow but do no damage.
The shadow is lightly damaged.
The shadow completely misses you.
You hit the shadow but do no damage.
The shadow is lightly damaged.
You block the shadow's attack.
You hit the shadow.
The shadow is moderately damaged.
The shadow slips into darkness.
The shadow flickers and vanishes!
Deactivating autopickup; reactivate with Ctrl-A.
You hit something.
The shadow strikes at you from the darkness!
Ouch! That really hurt!
* * * LOW HITPOINT WARNING * * *
Reactivating autopickup.
You closely miss the shadow.
The shadow is moderately damaged.
The shadow misses you.
You hit the shadow but do no damage.
The shadow is moderately damaged.
The shadow hits you.
You hit the shadow.
The shadow is moderately damaged.
The shadow completely misses you.
You hit the shadow but do no damage.
The shadow is moderately damaged.
The shadow slips into darkness.
The shadow flickers and vanishes!
Deactivating autopickup; reactivate with Ctrl-A.
You closely miss something.
The shadow strikes at you from the darkness!
You hit something but do no damage.
The shadow strikes at you from the darkness!
You hit something.
The shadow strikes at you from the darkness!
You die...

.......!.......... #...#
.................. #.<.#
.................. #...#
.................. #...#
.................. #...#
.................. #...#
.......{<......... ##'##
.......###{##########..####
.......+..@.......#........
.......#..........#.......>
.......#..........'........
......h#..........#........
.......#...##.....##...####
#+####.....##...#
........#...#
.........#...#
.........#...#


There were no monsters in sight!

Vanquished Creatures
  A black bear (D:4)
  2 bullfrogs (D:4)
  A scorpion (D:4)
  A hound (D:4)
  2 orc wizards (D:4)
  5 gnolls
  4 adders
  An ufetubus (D:4)
  2 worms
  9 orcs
  8 bats
  9 endoplasms
  2 giant cockroaches
  5 hobgoblins
  4 jackals
  6 kobolds
  2 quokkas
  12 ball pythons
  4 frilled lizards
  3 goblins
  5 rats
88 creatures vanquished.

Notes
Turn   | Place    | Note
-------+----------+-------------------------------------------
     0 | D:1      | voltaire321 the Merfolk Ice Elementalist began the quest
                  | for the Orb.
     0 | D:1      | Reached XP level 1. HP: 13/13 MP: 3/3
   333 | D:1      | Reached XP level 2. HP: 20/20 MP: 5/5
   649 | D:1      | Reached skill level 1 in Polearms
   653 | D:1      | Reached XP level 3. HP: 25/25 MP: 6/6
   841 | D:1      | Reached skill level 1 in Fighting
   955 | D:1      | Learned a level 3 spell: Frozen Ramparts
  1052 | D:2      | Found Ycaciob's Antique Weapon Boutique.
  1131 | D:2      | Found a shimmering altar of Xom.
  1207 | D:2      | Found Zaruah's Assorted Antiques.
  1355 | D:2      | Found Ruploucw's Jewellery Boutique.
  1811 | D:3      | Found a hide-covered altar of Uskayaw.
  2001 | D:3      | Found a bloodstained altar of Trog.
  2037 | D:3      | Found The Oracle's Delphic Readings.
  2050 | D:3      | Reached XP level 4. HP: 32/32 MP: 7/7
  2058 | D:3      | Bought a scroll of blinking for 75 gold pieces
  2058 | D:3      | Bought a scroll of identify for 20 gold pieces
  2116 | D:3      | Found a faded altar of an unknown god.
  2186 | D:3      | Reached skill level 1 in Armour
  2357 | D:4      | Learned a level 3 spell: Ozocubu's Armour
  2367 | D:4      | Reached XP level 5. HP: 37/37 MP: 8/8
  2383 | D:4      | Reached skill level 1 in Shields
  2416 | D:4      | Reached skill level 5 in Ice Magic
  2451 | D:4      | Reached XP level 6. HP: 44/44 MP: 10/10
  2689 | D:4      | Noticed a black bear
  2702 | D:4      | Killed a black bear
  2703 | D:4      | Reached XP level 7. HP: 50/51 MP: 3/11
  2780 | D:4      | Found an opulent altar of Gozag.
  2856 | D:4      | Found Xowkisoe's Jewellery Shoppe.
  2867 | D:4      | Found a staircase to the Ecumenical Temple.
  2963 | Temple   | Entered the Ecumenical Temple
  3214 | D:5      | Entered Level 5 of the Dungeon
  3216 | D:5      | Noticed a shadow
  3325 | D:5      | Mangled by a shadow

Illustrated notes

Levels and vault maps discovered:
D:1:      elethiomel_arrival_infinity_welcomes_careful_drivers, layout_basic,
          serial_rivers, chequers_serial_rivers_small_b,
          chequers_serial_rivers_micro_d, chequers_serial_rivers_small_a,
          chequers_serial_rivers_small_b, chequers_serial_rivers_micro_a,
          chequers_serial_rivers_small_a, minmay_misc_feat_tower, st_stairs_10
D:2:      layout_loops_ring, serial_shops, shop, nicolae_shop_behind_doors,
          shop, basic_altar, kennysheep_flooded_box
D:3:      layout_rooms, amcnicky_altar_gilded, nicolae_overflow_crystal_walls,
          shapermc_ecumenical_altar_venn, nicolae_nh_oracle_at_delphi
D:4:      minmay_bubble_buster, layout_basic, lemuel_tele_altar,
          minmay_temple_entry_overgrown, serial_shops, shop
D:5:      layout_gridville, kennysheep_mini_moat, hangedman_feature_mirror,
          uniq_pikel
Temple:   hellmonk_temple_beads

Skill      XL: |  1  2  3  4  5  6 |
---------------+-------------------+-----
Dodging        | 3 4 |  4.6
Polearms       | 1 2 3 |  3.4
Fighting       | 1 2 |  2.8
Armour         | 1 |  1.8
Shields        | 1 2 |  2.1
Ice Magic      | 5 |  5.3
Spellcasting   | 3 |  3.2
Stealth        | |  2.1

Action                     |  1- 3 |  4- 6 |  7- 9 || total
---------------------------+-------+-------+-------++-------
  Melee: Spear             |   147 |   148 |    47 ||   342
   Cast: Freeze            |     9 |    13 |       ||    22
    Use: Scroll            |       |     3 |       ||     3
   Stab: Sleeping          |    19 |     4 |     1 ||    24
         Distracted        |     1 |       |     1 ||     2
 Armour: Robe              |    13 |    21 |     4 ||    38
  Dodge: Dodged            |   111 |   135 |    25 ||   271
  Block: Buckler           |    15 |    44 |     7 ||    66

Table legend: (Time is in decaauts)
 A = Elapsed time spent in this place.
 B = Non-inter-level travel time spent in this place.
 C = Inter-level travel time spent in this place.
 D = Time resting spent in this place.
 E = Time spent auto-exploring this place.
 F = Levels seen in this place.
 G = Mean time per level.
                   A        B        C        D        E       F      G
               +--------+--------+--------+--------+--------+-----+--------+
         Total |   3327 |   3192 |    135 |    367 |   1696 |   6 |  554.5 |
       Dungeon |   3216 |   3081 |    135 |    367 |   1604 |   5 |  643.2 |
        Temple |    110 |    110 |      0 |      0 |     92 |   1 |  110.0 |
               +--------+--------+--------+--------+--------+-----+--------+

Top non-repeatable levels by time:
     D:1: 992 daAuts
     D:4: 815 daAuts
     D:2: 787 daAuts
     D:3: 571 daAuts
  Temple: 110 daAuts
     D:5: 49 daAuts
